 Dungeon Crawl Stone Soup version 0.19-a0-1937-g70ed36a (webtiles) character file.

1192 TheGoonsmith the Chiller (level 8, 0/52 HPs)
             Began as a Demonspawn Ice Elementalist on Oct 27, 2016.
             Slain by an ogre
             ... wielding a cursed +0 giant club
              (22 damage)
             ... on level 5 of the Dungeon.
             The game lasted 00:13:24 (7482 turns).

TheGoonsmith the Chiller (DsIE)                     Turns: 7482, Time: 00:13:24

Health: 0/52       AC:  3    Str:  9    XL:     8   Next: 20%
Magic:  13/15      EV: 12    Int: 19    God:
Gold:   159        SH:  0    Dex: 13    Spells: 3 memorised, 11 levels left

rFire  . . .     SeeInvis .     i - +0 whip (elec)
rCold  . . .     Gourm    .     a - +1 robe
rNeg   . . .     Faith    .     (no shield)
rPois  .         Spirit   .     (helmet unavailable)
rElec  .         Reflect  .     (no cloak)
rCorr  .         Harm     .     (no gloves)
MR     .....                    (no boots)
Stlth  ++........               (no amulet)
                                (no ring)
                                (no ring)

@: no status effects
A: horns 3, demonic guardian 1, powered by pain 3
a: no special abilities


You were on level 5 of the Dungeon.
You were not hungry.

You visited 1 branch of the dungeon, and saw 5 of its levels.

You collected 159 gold pieces.

Inventory:

Hand Weapons
 f - a +0 short sword
 i - a +0 whip of electrocution (weapon)
 s - a +0 quarterstaff
Missiles
 v - 6 tomahawks (quivered)
Armour
 a - a +1 robe (worn)
 e - a +2 shield
Scrolls
 d - 2 scrolls of fear
 n - a scroll of fog
Potions
 l - a potion of brilliance
 m - a potion of resistance
 o - 2 potions of mutation
 u - 2 potions of flight
 x - a potion of magic {unknown}
 z - a potion of ambrosia {unknown}
Books
 b - a book of Frost

   Spells                             Type                      Level
   a - Freeze                         Ice                          1
   b - Throw Frost                    Conjuration/Ice              2
   c - Ozocubu's Armour               Charms/Ice                   3
   d - Throw Icicle                   Conjuration/Ice              4
   e - Summon Ice Beast               Ice/Summoning                4
Comestibles
 c - 3 bread rations
 g - a chunk of flesh
 h - 5 meat rations


   Skills:
 - Level 1.7 Dodging
 - Level 1.7 Stealth
 + Level 5.2 Spellcasting
 - Level 2.2 Conjurations
 * Level 2.0 Charms
 - Level 7.3 Ice Magic


You had 11 spell levels left.
You knew the following spells:

 Your Spells              Type           Power        Failure   Level  Hunger
a - Freeze                Ice            ####         1%          1    None
b - Throw Frost           Conj/Ice       ###...       2%          2    None
q - Ozocubu's Armour      Chrm/Ice       ###.....     6%          3    ##.....


Dungeon Overview and Level Annotations

Branches:
Dungeon (5/15)
 Temple: D:4-7

Altars:
Elyvilon
Nemelex Xobeh


Innate Abilities, Weirdness & Mutations

You have a pair of large horns on your head.
A weak demonic guardian rushes to your aid.
You are powered by pain.


Message History

The ogre is moderately wounded.
The ogre hits you with a giant club!!
You focus on the pain.
You feel your power returning.
Casting: Freeze
Confirm with . or Enter, or press ? or * to list all spells.
Aiming: Freeze
Press: ? - help, Shift-Dir - straight line, f/p - ogre
Aim: an ogre, wielding a giant club (moderately wounded)
You freeze the ogre.
The ogre is heavily wounded.
The ogre hits you but does no damage.
Casting: Freeze
Confirm with . or Enter, or press ? or * to list all spells.
Aiming: Freeze
Press: ? - help, Shift-Dir - straight line, f/p - ogre
Aim: an ogre, wielding a giant club (heavily wounded)
You freeze the ogre.
The ogre is almost dead.
The ogre hits you with a giant club!!
You die...

#..g....#
#+##################'#
#......)'....'.g..g..#
#.......#....#)......#
#.......#....#.......#
#############''''############
#........÷...................
##≈≈≈≈≈≈≈≈≈≈≈≈..O.≈≈≈≈≈≈≈≈≈≈≈≈
≈≈≈≈≈≈≈≈≈≈≈≈≈≈..@.≈≈≈≈≈≈≈≈≈≈≈≈
≈≈≈≈≈≈≈≈≈≈≈≈≈≈....≈≈≈≈≈≈≈≈≈≈≈≈
...........)..................
.............................>
#####.......#....#..)......###
#.###.....##.#)......#.# #.#
#.#.#)##.#.##.##.# # #####)#
#.#.#.####.##..#.# ......#
#.#.#.# #.###.#.#


You could see an ogre.

Vanquished Creatures
  Pikel (D:4)
  A slave (D:4)
  A sky beast (D:5)
  A scorpion (D:4)
  A crimson imp (D:5)
  2 hounds (D:4)
  A gnoll shaman (D:5)
  2 orc priests
  An iguana (D:5)
  A worker ant (D:4)
  17 gnolls
  3 adders
  A shadow imp (D:5)
  An ooze (D:5)
  4 worms
  4 dart slugs
  5 leopard geckos
  6 orcs
  2 ball pythons
  6 giant cockroaches
  11 goblins
  12 hobgoblins
  11 jackals
  3 kobolds
  2 quokkas (D:3)
  11 bats
  4 frilled lizards
  A jackal skeleton (D:5)
  A quokka skeleton (D:4)
  8 rats
125 creatures vanquished.

Vanquished Creatures (collateral kills)
  Menkaure (D:4)
  2 gnoll shamans
  2 gnolls
  An orc (D:5)
  A jackal (D:5)
7 creatures vanquished.

Vanquished Creatures (others)
  A worker ant (D:4)
  A quokka (D:3)
2 creatures vanquished.

Grand Total: 134 creatures vanquished

Notes
Turn   | Place    | Note
-------+----------+-------------------------------------------
     0 | D:1      | TheGoonsmith the Demonspawn Ice Elementalist began the quest for the Orb.
     0 | D:1      | Reached XP level 1. HP: 13/13 MP: 3/3
   351 | D:1      | Reached skill level 3 in Ice Magic
   444 | D:1      | Gained mutation: A weak demonic guardian rushes to your aid. [demonic ancestry]
   444 | D:1      | Reached XP level 2. HP: 19/19 MP: 3/5
  1157 | D:1      | Gained mutation: You sometimes gain a little power by taking damage. [demonic ancestry]
  1157 | D:1      | Reached XP level 3. HP: 24/24 MP: 2/6
  1208 | D:1      | Learned a level 2 spell: Throw Frost
  1212 | D:1      | Learned a level 3 spell: Ozocubu's Armour
  2151 | D:2      | Found a sparkling altar of Nemelex Xobeh.
  2263 | D:3      | Found a faded altar of an unknown god.
  2286 | D:3      | Gained mutation: You sometimes gain power by taking damage. [demonic ancestry]
  2286 | D:3      | Reached XP level 4. HP: 28/30 MP: 0/8
  2291 | D:3      | Reached skill level 4 in Ice Magic
  3188 | D:3      | Found a white marble altar of Elyvilon.
  3460 | D:3      | Gained mutation: You have a pair of small horns on your head. [demonic ancestry]
  3460 | D:3      | Reached XP level 5. HP: 21/35 MP: 4/9
  4657 | D:4      | Reached skill level 5 in Ice Magic
  4739 | D:4      | HP: 1/35 [gnoll/halberd (13)]
  5118 | D:4      | Gained mutation: You have a pair of horns on your head. [demonic ancestry]
  5118 | D:4      | Reached XP level 6. HP: 31/41 MP: 6/11
  5192 | D:4      | Gained mutation: You have a pair of large horns on your head. [potion of beneficial mutation]
  5225 | D:4      | Noticed Menkaure
  5239 | D:4      | Killed Menkaure
  5633 | D:4      | Noticed a slave
  6110 | D:4      | Noticed a slave
  6110 | D:4      | Noticed a slave
  6111 | D:4      | Noticed a slave
  6111 | D:4      | Noticed Pikel
  6147 | D:4      | Killed a slave
  6161 | D:4      | Killed Pikel
  6161 | D:4      | Reached skill level 7 in Ice Magic
  6161 | D:4      | Gained mutation: You are powered by pain. [demonic ancestry]
  6161 | D:4      | Reached XP level 7. HP: 8/46 MP: 4/14
  6514 | D:5      | Entered Level 5 of the Dungeon
  6524 | D:5      | Reached skill level 5 in Spellcasting
  6705 | D:5      | HP: 2/46 [gnoll/spear (7)]
  7007 | D:5      | Mutation became permanent: You have a pair of large horns on your head. [demonic ancestry]
  7007 | D:5      | Reached XP level 8. HP: 50/52 MP: 7/15
  7180 | D:5      | Reached skill level 1 in Charms
  7482 | D:5      | Slain by an ogre

Vault maps used:
D:1:      scummos_arrival_star
D:2:      first_bread, nemelex_spade_bored_becter
D:3:      ecumenical_altar_2, kennysheep_nondescript, elyvilon_altar_4
D:4:      uniq_menkaure, uniq_pikel
D:5:      lemuel_castle_with_subvaults

Skill      XL: |  1  2  3  4  5  6  7  8 |
---------------+-------------------------+-----
Ice Magic      | 3 4 5 7 |  7.3
Spellcasting   | 3 4 5 |  5.2
Conjurations   | 2 |  2.2
Charms         | 2 |  2.0
Dodging        | |  1.7
Stealth        | |  1.7

Action                   |  1- 3 |  4- 6 |  7- 9 || total
-------------------------+-------+-------+-------++-------
Melee: Short sword       |    23 |       |       ||    23
       Quarterstaff      |     1 |    22 |       ||    23
       Whip              |       |       |     7 ||     7
       Headbutt          |       |       |     1 ||     1
 Cast: Freeze            |    75 |    92 |    61 ||   228
       Throw Frost       |       |    11 |     4 ||    15
       Ozocubu's Armour  |       |     1 |     2 ||     3
  Use: Scroll            |       |    15 |     1 ||    16
       Potion            |       |     1 |       ||     1
 Stab: Sleeping          |     1 |       |       ||     1
  Eat: Chunk             |     3 |     5 |     4 ||    12
       Bread ration      |     1 |     1 |       ||     2
Armor: Robe              |    15 |    13 |     8 ||    36
Dodge: Dodged            |    44 |    68 |    39 ||   151
